[Event "*** Titled Tuesday 3|2 Blitz (Early)"]
[Site "Chess.com"]
[Date "2017.01.03"]
[Round "3"]
[White "Mischuk_D"]
[Black "E-Shaposhnikov"]
[Result "0-1"]
[WhiteElo "2450"]
[BlackElo "2728"]
[TimeControl "180+2"]
[EndTime "11:33:58 PST"]
[Termination "E-Shaposhnikov won by checkmate"]

1. d4 Nf6 2. c4 e6 3. Nc3 Bb4 4.
e3 c5 5. Ne2 cxd4 6. exd4 d5 7.
a3 Be7 8. c5 b6 9. b4 O-O 10. Ng3 bxc5 11. dxc5 e5 12. Be2 a5 13.
Rb1 axb4 14. axb4 Nc6 15. O-O Be6 16. Na4 Nd4 17. Nb6 Rb8 18. Bb2 Ne4 19. Nxe4 dxe4 20. Re1 f5 21. Bf1 Rxb6 22. cxb6 Qxb6 23. b5 Bc5 24. Qd2 h6 25. Bc3 Rd8 26. Qb2 Bd5 27.
Bb4 Bxb4 28. Qxb4 Nc2 29. Qc3 Nxe1 30. Rxe1 Qd4 31. Qc7 Rf8 32. b6 f4 33. b7 e3 34.
fxe3 Qb2 35. Bc4 Qxg2# 0-1

[Event "*** Titled Tuesday 3|2 Blitz (Early)"]
[Site "Chess.com"]
[Date "2017.01.03"]
[Round "3"]
[White "danir29"]
[Black "FairChess_on_YouTube"]
[Result "0-1"]
[WhiteElo "2458"]
[BlackElo "2772"]
[TimeControl "180+2"]
[EndTime "11:34:02 PST"]
[Termination "FairChess_on_YouTube won by resignation"]

1. d4 Nf6 2. Bf4 c5 3. d5 d6 4. Nc3 g6 5. e4 Bg7 6. Nf3 O-O 7.
Be2 b5 8. Nxb5 Nxe4 9. c3 Qa5 10. O-O a6 11. Na3 Nxc3 12. Qd2 Nxe2+ 13. Qxe2 Ra7 14. Nc4 Qd8 15. Rfe1 a5 16. Bg5 Ba6 17. Rac1 Re8 18. Qe4 h6 19. Bd2 Bxc4 20. Rxc4 Nd7 21. Qh4 e5 22.
dxe6 Qxh4 23. exf7+ Kxf7 24. Rxh4 Rxe1+ 25. Nxe1 Bxb2 26. Rxh6 Bg7 27. Rh3 d5 28. Kf1 d4 29. Nf3 c4 30.
Ng5+ Kg8 31. Ke2 Nc5 32. Ra3 c3 33. Bf4 d3+ 34. Kf3 d2 35. Ke2 Rd7 0-1

[Event "*** Titled Tuesday 3|2 Blitz (Early)"]
[Site "Chess.com"]
[Date "2017.01.03"]
[Round "3"]
[White "chito89"]
[Black "Dlugy"]
[Result "0-1"]
[WhiteElo "2513"]
[BlackElo "2662"]
[TimeControl "180+2"]
[EndTime "11:34:03 PST"]
[Termination "Dlugy won by resignation"]

1. d4 d5 2. Bf4 Bf5 3. e3 e6 4.
Nf3 Nf6 5. c4 Bxb1 6. Rxb1 Bb4+ 7. Ke2 Bd6 8. Bg5 dxc4 9. Qa4+ Nbd7 10. e4 h6 11. Bxf6 Qxf6 12. g3 Qg6 13. Nd2 c6 14.
Qxc4 e5 15. d5 Nb6 16. Qb3 cxd5 17. Qb5+ Ke7 18. exd5 Rac8 19. Bg2 Rc2 20. Qd3 Qxd3+ 21. Kxd3 Rhc8 22. Rhd1 f5 23. f3 Na4 24. Bh3 Nxb2+ 25. Rxb2 R8c3+ 26. Ke2 Rxb2 27. Bxf5 Rxa2 28. Be4 b5 29.
Kf1 b4 30. Nb1 Rc5 31. Nd2 a5 32. Bb1 Rb2 33. Ne4 Rc4 34. Bd3 Rd4 0-1

[Event "*** Titled Tuesday 3|2 Blitz (Early)"]
[Site "Chess.com"]
[Date "2017.01.03"]
[Round "3"]
[White "Lupul_Cenusiu"]
[Black "OparinGrigoriy"]
[Result "0-1"]
[WhiteElo "2466"]
[BlackElo "2581"]
[TimeControl "180+2"]
[EndTime "11:34:05 PST"]
[Termination "OparinGrigoriy won by resignation"]

1. d4 Nf6 2. c4 e6 3. Nf3 b6 4. e3 Bb7 5. Bd3 d5 6. cxd5 exd5 7.
O-O Bd6 8. b3 O-O 9. Ba3 c5 10.
Nc3 Nbd7 11. Rc1 a6 12. Na4 Qe7 13. h3 c4 14. Bxd6 Qxd6 15. Bf5 b5 16. Nc3 b4 17. Na4 c3 18. Bd3 Bc6 19. a3 a5 20. Qc2 Rfc8 21.
Ra1 Bxa4 22. bxa4 Rab8 23. Rfb1 Ne4 24. Bb5 Nb6 25. axb4 axb4 26. a5 Nc4 27. Bxc4 Rxc4 28.
a6 f6 29. Ra4 Ra8 30. a7 Qb6 31. Qd3 Rxa7 32. Rxa7 Qxa7 33. Ne1 Qa2 34. f3 Nd2 35. Rc1 b3 36. Qf5 Qa8 37. Qe6+ Kh8 38. Ra1 Qg8 39. Qb6 b2 40. Rd1 c2 41. Nxc2 Rxc2 42.
Kh2 b1=Q 43. Rxb1 Nxb1 44. Qxb1 Qc8 45. f4 h6 46. Qb5 Rc3 47. Qxd5 Rxe3 48. Qd6 Qe6 49.
Qb8+ Kh7 0-1

[Event "*** Titled Tuesday 3|2 Blitz (Early)"]
[Site "Chess.com"]
[Date "2017.01.03"]
[Round "3"]
[White "cassoulet"]
[Black "Krutoy123"]
[Result "0-1"]
[WhiteElo "2314"]
[BlackElo "2423"]
[TimeControl "180+2"]
[EndTime "11:34:07 PST"]
[Termination "Krutoy123 won by checkmate"]

1. e4 c5 2. Nf3 e6 3. Nc3 a6 4. d4 cxd4 5. Nxd4 b5 6. g3 Nf6 7. Bg2 Bb7 8. a3 d6 9. O-O Nbd7 10. Qe2 Be7 11. Be3 Ne5 12. Rad1 Qc7 13. f4 Nc4 14. Bc1 O-O 15. Rd3 d5 16. e5 Nd7 17. g4 Bc5 18. Kh1 Bxd4 19. Rxd4 Nxa3 20. f5 Nc4 21. f6 Qxe5 22. fxg7 Qxd4 23. gxf8=Q+ Rxf8 24. Bh6 Rc8 25. Nd1 Qb6 26. c3 b4 27. Qf3 Nce5 28. Qf4 bxc3 29. bxc3 a5 30. Nf2 Rxc3 31. Qg5+ Ng6 32. Nh3 d4 33. Nf4 Rc5 34. Nxg6 Rxg5 35. Ne7+ Kh8 36. Bxg5 Qb5 37. h4 Qxf1+ 38. Kh2 Qxg2# 0-1

[Event "*** Titled Tuesday 3|2 Blitz (Early)"]
[Site "Chess.com"]
[Date "2017.01.03"]
[Round "3"]
[White "AndrBaryshpolets"]
[Black "yurisolo"]
[Result "1-0"]
[WhiteElo "2426"]
[BlackElo "2454"]
[TimeControl "180+2"]
[EndTime "11:34:10 PST"]
[Termination "AndrBaryshpolets won by resignation"]

1. d4 Nf6 2. c4 e6 3. Nf3 d5 4.
Nc3 c6 5. Bg5 dxc4 6. e4 b5 7.
e5 h6 8. Bh4 g5 9. Nxg5 hxg5 10. Bxg5 Nbd7 11. g3 Bb7 12. Bg2 Qb6 13. exf6 c5 14.
d5 O-O-O 15. O-O b4 16. Rb1 Qa6 17. dxe6 Bxg2 18. e7 Bxf1 19. Qd5 Bxe7 20. fxe7 Rde8 21. Ne4 Bd3 22. Nd6+ Kc7 23. Nxe8+ Rxe8 24. Bf4+ Kb6 25.
Qxd7 Qc8 26. Qxc8 Rxc8 27. Re1 Re8 28. h4 a5 29. h5 a4 30. g4 Kc6 31. g5 Kd7 32. g6 fxg6 33. h6 g5 34. Bxg5 a3 35.
bxa3 b3 36. axb3 cxb3 37. Bf6 Ra8 38. Rd1 c4 39. h7 Ke6 40. h8=Q Rxh8 41. Bxh8 Kxe7 42.
Bc3 1-0

[Event "*** Titled Tuesday 3|2 Blitz (Early)"]
[Site "Chess.com"]
[Date "2017.01.03"]
[Round "3"]
[White "DuleMudule"]
[Black "VerdeNotte"]
[Result "1-0"]
[WhiteElo "2513"]
[BlackElo "2607"]
[TimeControl "180+2"]
[EndTime "11:34:16 PST"]
[Termination "DuleMudule won by resignation"]

1. d4 Nf6 2. Nc3 d5 3. Bf4 a6 4. e3 Bf5 5. Nf3 e6 6. Bd3 Bxd3 7.
cxd3 c5 8. dxc5 Bxc5 9. a3 Nc6 10.
O-O d4 11. Na4 Be7 12. e4 Rc8 13. Rc1 O-O 14. b4 b6 15. Ne5 Nxe5 16. Rxc8 Qxc8 17.
Bxe5 b5 18. Nc5 Bxc5 19. bxc5 Qxc5 20. Bxf6 gxf6 21. Qf3 Qxa3 22. Qxf6 Qc5 23. f4 Re8 24. Rf3 Qc1+ 25. Kf2 Qd2+ 26. Kg3 Kf8 27. Kh3 Qd1 28. f5 exf5 29. Rxf5 Qxd3+ 30. g3 Qb3 31. Qh8+ Ke7 32. Re5+ Qe6+ 33. Rxe6+ fxe6 34. Qg7+ Kd6 35. Qxd4+ Kc6 36. e5 Rc8 37. Qd6+ Kb7 38. Qxe6 Rc7 39. Qd5+ Kb6 40. e6 a5 41. e7 Rxe7 42. Qd6+ 1-0

[Event "*** Titled Tuesday 3|2 Blitz (Early)"]
[Site "Chess.com"]
[Date "2017.01.03"]
[Round "3"]
[White "gmsakk"]
[Black "RamonManon0g"]
[Result "1-0"]
[WhiteElo "2460"]
[BlackElo "2274"]
[TimeControl "180+2"]
[EndTime "11:34:18 PST"]
[Termination "gmsakk won by checkmate"]

1. d4 Nf6 2. c4 g6 3. Nc3 d5 4.
Bf4 Bg7 5. Rc1 c6 6. e3 O-O 7. h3 Nbd7 8. Nf3 dxc4 9. Bxc4 Nb6 10.
Bb3 Nbd5 11. Bg3 Bf5 12. O-O Nxc3 13. bxc3 Ne4 14. Bh2 b5 15. Ne5 Rc8 16. f3 Nf6 17. Qe2 a5 18. a4 Qb6 19. g4 Be6 20. Bxe6 fxe6 21. Rb1 Nd5 22. Rfc1 Bxe5 23. Bxe5 b4 24. c4 Nf6 25. c5 Qb7 26. e4 Rcd8 27. Qc4 Qc8 28. Rb2 Rf7 29. Kg2 Rdf8 30. Rb3 h5 31.
Rh1 Nh7 32. gxh5 gxh5 33. Kh2 Nf6 34. Rg1+ Kh7 35. Rb2 Ne8 36. Rbg2 Rxf3 37. Rg7+ Nxg7 38. Rxg7+ Kh6 39. Qc1+ R8f4 40. Qg1 Rf2+ 41. Kh1 Rf1 42. Bxf4+ Rxf4 43. Qg6# 1-0

[Event "*** Titled Tuesday 3|2 Blitz (Early)"]
[Site "Chess.com"]
[Date "2017.01.03"]
[Round "3"]
[White "Aygehovit1992"]
[Black "FrankieJay"]
[Result "1-0"]
[WhiteElo "2449"]
[BlackElo "2289"]
[TimeControl "180+2"]
[EndTime "11:34:19 PST"]
[Termination "Aygehovit1992 won by resignation"]

1. e4 c5 2. Nf3 d6 3. d4 cxd4 4.
Nxd4 Nf6 5. Nc3 a6 6. Bg5 Nbd7 7.
Bc4 b5 8. Bd5 Nxd5 9. exd5 Bb7 10. O-O Qb6 11. Re1 Nf6 12. Bxf6 gxf6 13. Ne4 O-O-O 14. a4 b4 15. a5 Qa7 16. c3 Bxd5 17. cxb4 Qb7 18. Nc3 Bxg2 19. Qg4+ e6 20. Qxg2 d5 21. b5 Bc5 22. bxa6 Qxa6 23. Nde2 Rhg8 24. Ng3 f5 25. Qf1 Qa7 26. Nb5 Qb8 27. Rec1 Rxg3+ 28. hxg3 Qxg3+ 29. Qg2 1-0

[Event "*** Titled Tuesday 3|2 Blitz (Early)"]
[Site "Chess.com"]
[Date "2017.01.03"]
[Round "3"]
[White "Pierrebl"]
[Black "Egorov_Pavel"]
[Result "1-0"]
[WhiteElo "2486"]
[BlackElo "2295"]
[TimeControl "180+2"]
[EndTime "11:34:31 PST"]
[Termination "Pierrebl won on time"]

1. e4 c5 2. Nf3 Nf6 3. e5 Nd5 4. Nc3 e6 5. Nxd5 exd5 6. d4 Nc6 7.
dxc5 Bxc5 8. Bd3 d6 9. exd6 Qxd6 10. O-O O-O 11. h3 g6 12. Bh6 Re8 13. Qd2 Ne5 14.
Nxe5 Rxe5 15. Bf4 f6 16. Rad1 Bd7 17. Bxe5 fxe5 18. Bc4 Bd4 19. c3 dxc4 20. cxd4 exd4 21. Qxd4 Qxd4 22. Rxd4 Bf5 23. Re1 b5 24. Re7 Rc8 25.
Rxa7 b4 26. Ra4 c3 27. bxc3 bxc3 28. Rac4 Ra8 29. Rxc3 Rxa2 30. Rc7 Ra8 31. g4 Bb1 32. Rdd7 g5 33. Rg7+ Kh8 34. Rxg5 Be4 35. Re5 Bf3 36. Kh2 Rf8 37. Ree7 Rf6 38. Rxh7+ Kg8 39. Rhd7 Bc6 40.
Rd8+ 1-0

[Event "*** Titled Tuesday 3|2 Blitz (Early)"]
[Site "Chess.com"]
[Date "2017.01.03"]
[Round "3"]
[White "Saitama_Hero"]
[Black "jup1978"]
[Result "0-1"]
[WhiteElo "2162"]
[BlackElo "2240"]
[TimeControl "180+2"]
[EndTime "11:34:42 PST"]
[Termination "jup1978 won by resignation"]

1. Nf3 d5 2. g3 c6 3. Bg2 Bg4 4.
O-O Nd7 5. c4 Bxf3 6. Bxf3 e6 7.
cxd5 exd5 8. Nc3 Ngf6 9. d3 Bd6 10. e4 dxe4 11. dxe4 Ne5 12. Bg2 O-O 13. h3 Bc7 14.
Qb3 Bb6 15. Kh2 Ned7 16. f4 Nc5 17. Qc4 Qd3 18. Qxd3 Nxd3 19. e5 Nxc1 20. Raxc1 Nd7 21. Ne4 Rfd8 22. Rfd1 Nf8 23. Nd6 Rab8 24. Bf1 Bc7 25. Nf5 Ne6 26. Bc4 Kf8 27. Kg2 g6 28.
Bxe6 fxe6 29. Ne3 Rxd1 30. Rxd1 Rd8 31. Rxd8+ Bxd8 32. Kf3 Ke7 33. Ke4 b5 34. Ng4 h5 35.
Nf2 a5 36. Nd3 Bb6 37. b3 c5 38. a4 c4 39. bxc4 bxc4 40. Nb2 c3 41. Nd3 c2 42. g4 hxg4 43. hxg4 Bc5 44. f5 gxf5+ 45. gxf5 exf5+ 46. Kxf5 Ba3 0-1

[Event "*** Titled Tuesday 3|2 Blitz (Early)"]
[Site "Chess.com"]
[Date "2017.01.03"]
[Round "3"]
[White "Malev212"]
[Black "ZhuChenChess"]
[Result "1-0"]
[WhiteElo "2393"]
[BlackElo "2333"]
[TimeControl "180+2"]
[EndTime "11:34:44 PST"]
[Termination "Malev212 won on time"]

1. e4 c5 2. Nf3 d6 3. d4 cxd4 4.
Nxd4 Nf6 5. Nc3 a6 6. h3 e6 7.
g4 Be7 8. g5 Nfd7 9. a4 b6 10. h4 Bb7 11. Be3 Qc7 12. h5 Nc5 13. Qg4 Nbd7 14. Qg2 O-O-O 15. O-O-O Kb8 16. Kb1 g6 17. f4 e5 18. Nb3 Rc8 19. Nd5 Bxd5 20. exd5 Kb7 21. Nxc5+ Nxc5 22. fxe5 Nxa4 23. Rh4 b5 24. c4 Qa5 25. Bd2 Qb6 26. cxb5 axb5 27. Rb4 Rc5 28. Be3 Rhc8 29. Qf2 Ka8 30. Qxf7 R8c7 31.
Qe8+ Ka7 32. Rxb5 1-0

[Event "*** Titled Tuesday 3|2 Blitz (Early)"]
[Site "Chess.com"]
[Date "2017.01.03"]
[Round "3"]
[White "Corpescador"]
[Black "Gabrielian_Artur"]
[Result "0-1"]
[WhiteElo "2443"]
[BlackElo "2672"]
[TimeControl "180+2"]
[EndTime "11:34:46 PST"]
[Termination "Gabrielian_Artur won on time"]

1. e4 c5 2. Nf3 d6 3. d4 cxd4 4.
Nxd4 Nf6 5. Nc3 a6 6. Be3 e5 7.
Nb3 Be6 8. f3 Nbd7 9. Qd2 Be7 10. O-O-O O-O 11. Kb1 b5 12. g4 b4 13. Ne2 a5 14. g5 Nh5 15. f4 a4 16. Nbc1 exf4 17. Nxf4 Nxf4 18. Bxf4 Nc5 19. Bg2 b3 20. cxb3 axb3 21.
a3 Ra4 22. Rhe1 Rc4 23. Qe3 Rc2 24. Re2 Qc7 25. Nd3 Na4 26. Nb4 Rxb2+ 27. Rxb2 Nc3+ 28. Ka1 Nxd1 29. Qd4 Nxb2 30. Kxb2 Rc8 31. Bf1 Qa5 32. Bd3 Ra8 0-1

[Event "*** Titled Tuesday 3|2 Blitz (Early)"]
[Site "Chess.com"]
[Date "2017.01.03"]
[Round "3"]
[White "kleinebeer98"]
[Black "eldur16"]
[Result "0-1"]
[WhiteElo "1678"]
[BlackElo "2077"]
[TimeControl "180+2"]
[EndTime "11:34:46 PST"]
[Termination "eldur16 won by resignation"]

1. e4 g6 2. d4 Bg7 3. Nc3 d6 4.
h4 Nf6 5. h5 Nxh5 6. g4 Nf6 7. g5 Nfd7 8. f4 c5 9. d5 h5 10. gxh6 Rxh6 11. Rxh6 Bxh6 12. f5 Bxc1 13. Qxc1 gxf5 14. Qh6 a6 15. O-O-O Ne5 16. Bh3 Kd7 17.
exf5 Kc7 18. f6 Nbd7 19. fxe7 Qxe7 20. Ne4 b6 21. Ne2 Nf8 22. Bxc8 Rxc8 23. N2g3 Qd7 24. Rf1 Nfg6 25. Nf5 Rh8 26. Qg7 Qb5 27. Rg1 Rh2 28. Nc3 Qc4 29. Kb1 Qf4 30. Qf6 Nd7 31.
Qxf7 Ne5 32. Nxd6 0-1

[Event "*** Titled Tuesday 3|2 Blitz (Early)"]
[Site "Chess.com"]
[Date "2017.01.03"]
[Round "3"]
[White "gumersindo"]
[Black "pastouche06"]
[Result "1/2-1/2"]
[WhiteElo "2346"]
[BlackElo "2343"]
[TimeControl "180+2"]
[EndTime "11:34:50 PST"]
[Termination "Game drawn by repetition"]

1. d4 Nf6 2. c4 e6 3. Nc3 Bb4 4.
Qc2 b6 5. a3 Bxc3+ 6. Qxc3 O-O 7. Bg5 Bb7 8. e3 h6 9. Bh4 d6 10. f3 Nbd7 11. Bd3 c5 12. Ne2 d5 13. b3 Rc8 14.
O-O Qc7 15. Rac1 Qb8 16. dxc5 Rxc5 17. b4 Rcc8 18. Qd2 Rfd8 19. cxd5 Bxd5 20. e4 Bb7 21. Rxc8 Rxc8 22. Bg3 Qa8 23. Rc1 Rxc1+ 24. Qxc1 Qc8 25. Qxc8+ Bxc8 26. Nc3 a6 27. Bc7 Kf8 28. Na4 b5 29. Nc3 Ke7 30. Kf2 Ne8 31. Bf4 Nd6 32. Ke3 Nb6 33. Bxd6+ Kxd6 34. f4 e5 35. g3 Be6 36. Ne2 Bc4 37. fxe5+ Kxe5 38. Nf4 g5 39. Ne2 Bxd3 40. Kxd3 Nc4 41. Nd4 Nb2+ 42. Ke3 Nc4+ 43.
Kd3 Nb2+ 44. Ke3 Nc4+ 45. Kd3 1/2-1/2

[Event "*** Titled Tuesday 3|2 Blitz (Early)"]
[Site "Chess.com"]
[Date "2017.01.03"]
[Round "3"]
[White "dretch"]
[Black "Tash_Boy"]
[Result "1-0"]
[WhiteElo "2590"]
[BlackElo "2458"]
[TimeControl "180+2"]
[EndTime "11:34:52 PST"]
[Termination "dretch won by checkmate"]

1. d4 Nf6 2. c4 g6 3. Nc3 Bg7 4.
e4 d6 5. Nf3 O-O 6. h3 e5 7. dxe5 dxe5 8. Qxd8 Rxd8 9. Bg5 Nbd7 10. Rd1 Rf8 11. Nd5 c6 12. Ne7+ Kh8 13. Be3 Re8 14.
Nxc8 Raxc8 15. c5 Bf8 16. b4 b6 17. Ng5 Kg7 18. Bc4 Re7 19. Bd3 h6 20. Nf3 Ree8 21. Rc1 bxc5 22. bxc5 Rb8 23. O-O Rb2 24. Bc4 Nxe4 25.
Rfd1 Ndxc5 26. Nxe5 f6 27. Nxc6 g5 28. Nxa7 Na4 29. Bb5 Rb8 30. Bxa4 Rxa2 31. Rd7+ Kg6 32. Bc2 f5 33. Bxe4 fxe4 34. Rc6+ Kf5 35. Rd5# 1-0

[Event "*** Titled Tuesday 3|2 Blitz (Early)"]
[Site "Chess.com"]
[Date "2017.01.03"]
[Round "3"]
[White "bugsbunny444"]
[Black "underdogchss"]
[Result "1-0"]
[WhiteElo "2365"]
[BlackElo "2295"]
[TimeControl "180+2"]
[EndTime "11:34:54 PST"]
[Termination "bugsbunny444 won on time"]

1. Nf3 Nf6 2. c4 b6 3. g3 c5 4. Bg2 Bb7 5. O-O g6 6. b3 Bg7 7. Bb2 O-O 8. Nc3 e6 9. d4 Ne4 10. Rc1 d6 11. Qd3 Nxc3 12. Bxc3 Qe7 13. Rfd1 cxd4 14.
Bxd4 e5 15. Bc3 e4 16. Qe3 Bxc3 17. Rxc3 Na6 18. Ng5 f5 19. h4 Rac8 20. Rd4 Qe5 21. Rc2 d5 22. Rcd2 f4 23. gxf4 Rxf4 24. cxd5 Rxh4 25. Nf3 Rc1+ 26. Rd1 Rxd1+ 27. Rxd1 1-0

[Event "*** Titled Tuesday 3|2 Blitz (Early)"]
[Site "Chess.com"]
[Date "2017.01.03"]
[Round "3"]
[White "pedromartinez91"]
[Black "Fablibi"]
[Result "0-1"]
[WhiteElo "2321"]
[BlackElo "2500"]
[TimeControl "180+2"]
[EndTime "11:35:01 PST"]
[Termination "Fablibi won by resignation"]

1. e4 e6 2. d4 d5 3. Nd2 a6 4.
Ngf3 Nf6 5. Bd3 c5 6. exd5 Qxd5 7. dxc5 Bxc5 8. O-O O-O 9. Qe2 Nc6 10. Ne4 Nxe4 11. Qxe4 Qxe4 12. Bxe4 Bd7 13. Rd1 Rfd8 14. Be3 Bxe3 15.
fxe3 Be8 16. Nd4 Nxd4 17. exd4 Bc6 18. Bxc6 bxc6 19. Kf2 a5 20. Ke3 Rdb8 21. Rab1 Kf8 22. Rd3 Ke7 23. Rb3 a4 24. Rxb8 Rxb8 25. b4 axb3 26.
cxb3 Kd6 27. Rc1 Rb5 28. Rf1 f5 29. Rc1 Kd5 30. Rc4 Ra5 31. Rc5+ Rxc5 32. dxc5 Kxc5 33. Kf4 Kd4 34. a4 g6 35. Kg5 e5 36. h4 e4 37.
Kh6 e3 38. Kxh7 e2 39. Kxg6 e1=Q 40. h5 Qg3+ 0-1

[Event "*** Titled Tuesday 3|2 Blitz (Early)"]
[Site "Chess.com"]
[Date "2017.01.03"]
[Round "3"]
[White "visa"]
[Black "MFBerna"]
[Result "0-1"]
[WhiteElo "2161"]
[BlackElo "2206"]
[TimeControl "180+2"]
[EndTime "11:35:13 PST"]
[Termination "MFBerna won by resignation"]

1. e4 e5 2. d4 exd4 3. Qxd4 Nc6 4. Qe3 Nf6 5. Bd2 Be7 6. Nc3 d5 7. exd5 Nxd5 8. Qg3 Be6 9. Nf3 Bf6 10. O-O-O Nxc3 11.
Bxc3 Qe7 12. Bxf6 Qxf6 13. Qxc7 O-O 14. Bd3 Rfc8 15. Qg3 Nb4 16. Qe5 Qh6+ 17. Qg5 Qxg5+ 18. Nxg5 Bxa2 19. Bxh7+ Kf8 20. Bf5 Rc7 21. c3 Nc6 22. Rd6 Ne5 23. Rhd1 Bb3 24. Re1 f6 25. Ne6+ Bxe6 26.
Bxe6 Ke7 27. Bb3 Kxd6 28. f4 Nd3+ 29. Kd2 Nxe1 30. Kxe1 Re8+ 31. Kf2 Re4 32. g3 Rce7 0-1

[Event "*** Titled Tuesday 3|2 Blitz (Early)"]
[Site "Chess.com"]
[Date "2017.01.03"]
[Round "3"]
[White "Rickstereo"]
[Black "Kawhi_Leonard2"]
[Result "1-0"]
[WhiteElo "2174"]
[BlackElo "2197"]
[TimeControl "180+2"]
[EndTime "11:35:20 PST"]
[Termination "Rickstereo won on time"]

1. c4 Nf6 2. g3 e6 3. Bg2 d5 4.
Nf3 Be7 5. O-O O-O 6. b3 c5 7.
e3 Nc6 8. Bb2 b6 9. Qe2 Bb7 10.
Rd1 Qc7 11. Nc3 a6 12. Rac1 Rac8 13. d4 cxd4 14. exd4 dxc4 15. bxc4 Na5 16. Na4 Bc6 17.
Nc3 Bxf3 18. Qxf3 Nxc4 19. Ba1 b5 20. d5 exd5 21. Nxd5 Nxd5 22. Qxd5 Rfd8 23. Qb7 Ba3 24. Rxd8+ Qxd8 25. Re1 Rb8 26. Qxa6 Qd2 27. Rf1 Bc5 28. Qc6 Bd4 29. Qc7 Re8 30. Bxd4 Qxd4 31. Bc6 1-0

[Event "*** Titled Tuesday 3|2 Blitz (Early)"]
[Site "Chess.com"]
[Date "2017.01.03"]
[Round "3"]
[White "FastChance"]
[Black "amurdercastle"]
[Result "1-0"]
[WhiteElo "2504"]
[BlackElo "2390"]
[TimeControl "180+2"]
[EndTime "11:35:25 PST"]
[Termination "FastChance won by resignation"]

1. d4 d5 2. Bf4 Nf6 3. e3 c5 4.
Nd2 Nc6 5. c3 Qb6 6. Qb3 c4 7.
Qxb6 axb6 8. a3 Bf5 9. h3 h6 10. g4 Bh7 11. Bg3 e6 12. Bg2 b5 13. Rc1 Be7 14. Ne2 O-O 15. f3 Nd7 16. Nf4 Nb6 17. e4 g5 18. Nh5 f5 19. Ke2 f4 20. Bf2 e5 21. dxe5 Nd7 22. e6 Nde5 23. exd5 Na5 24. Bd4 Nd3 25. Rb1 Rfd8 26. Bf6 Kf8 27. Bg7+ Kg8 28.
Bf6 Kf8 29. Ne4 Rxd5 30. Bg7+ Kg8 31. Nhf6+ Bxf6 32. Bxf6 Bxe4 33. fxe4 Rd6 34. h4 gxh4 35. Rxh4 Rxe6 36. Rxh6 Raa6 37. e5 Rxe5+ 38. Kf1 Re3 39. Bd5+ Ree6 40. Bg5 Kf7 41. Rf6+ Kg7 42. Rxe6 Rxe6 43.
Bxe6 Nb3 44. Ke2 Kg6 45. Be7 Kg7 46. Bf5 Ne5 47. Rd1 f3+ 48. Ke3 Na5 49. g5 Nac6 50. Bf6+ Kf7 51. Bxe5 Nxe5 52. Be4 1-0

[Event "*** Titled Tuesday 3|2 Blitz (Early)"]
[Site "Chess.com"]
[Date "2017.01.03"]
[Round "3"]
[White "Wolverine_master"]
[Black "ABDELAZEEZ-M"]
[Result "0-1"]
[WhiteElo "2011"]
[BlackElo "2033"]
[TimeControl "180+2"]
[EndTime "11:35:25 PST"]
[Termination "ABDELAZEEZ-M won by resignation"]

1. e4 c5 2. Nf3 Nc6 3. d4 cxd4 4.
Nxd4 g6 5. Nc3 Bg7 6. Nde2 d6 7.
g3 Nf6 8. Bg2 O-O 9. O-O Bd7 10.
h3 Rc8 11. Be3 a6 12. a4 Nb4 13. Rc1 Bc6 14. b3 d5 15. Bc5 a5 16. Bxb4 axb4 17. Nxd5 Bxd5 18. exd5 Rc5 19. Qd4 Qb6 20. c3 Nxd5 21.
Qd3 Nxc3 22. Qe3 Nxe2+ 23. Qxe2 Rxc1 24. Rxc1 e6 25. Qe4 Bd4 26. Qxb7 Bxf2+ 27. Kh2 Qe3 28. Rf1 Bxg3+ 29. Kh1 Be5 30. Qf3 Qxf3 31. Rxf3 Rc8 32. Rd3 Rc1+ 0-1

[Event "*** Titled Tuesday 3|2 Blitz (Early)"]
[Site "Chess.com"]
[Date "2017.01.03"]
[Round "3"]
[White "Spas_Kozhuharov"]
[Black "Chopper1905"]
[Result "0-1"]
[WhiteElo "2462"]
[BlackElo "2605"]
[TimeControl "180+2"]
[EndTime "11:35:42 PST"]
[Termination "Chopper1905 won by resignation"]

1. d4 d5 2. c4 c6 3. cxd5 Qxd5 4. Nc3 Qd8 5. e4 g6 6. Bc4 Bg7 7. Be3 Nf6 8. h3 b5 9. Bd3 O-O 10. Nf3 a6 11. O-O Nbd7 12. Qd2 Bb7 13. Rac1 Qb8 14. e5 Ne8 15. Bh6 c5 16. Bxg7 Nxg7 17. Be4 cxd4 18. Qxd4 Rd8 19. Rfd1 Ne6 20. Qe3 Bxe4 21. Qxe4 Nb6 22.
Rxd8+ Qxd8 23. Rd1 Qc7 24. g3 Rc8 25. Kg2 Qc6 26.
h4 Qxe4 27. Nxe4 Rc2 28. Rd2 Rc4 29. Neg5 Nxg5 30. hxg5 Rc8 31. b3 Kf8 32. Nd4 Ke8 33. e6 f6 34. gxf6 exf6 35. f4 f5 36. Nf3 Ke7 37. Ng5 h6 38. Nf7 Kxe6 39. Ne5 g5 40. Kh3 Nd5 41. Nd3 Rc3 42. Kh2 a5 43. Kg1 b4 44. Kf2 Nf6 0-1

[Event "*** Titled Tuesday 3|2 Blitz (Early)"]
[Site "Chess.com"]
[Date "2017.01.03"]
[Round "3"]
[White "GrigorGrigorov"]
[Black "Imre91"]
[Result "1/2-1/2"]
[WhiteElo "2488"]
[BlackElo "2673"]
[TimeControl "180+2"]
[EndTime "11:35:52 PST"]
[Termination "Game drawn by repetition"]

1. Nf3 Nf6 2. c4 g6 3. d4 Bg7 4. g3 c5 5. Bg2 cxd4 6. Nxd4 Qc7 7. b3 O-O 8. Bb2 Rd8 9. Nc3 Nc6 10. Nd5 Nxd5 11.
cxd5 Qa5+ 12. Kf1 Nxd4 13. Bxd4 e5 14. Bb2 d6 15. h4 h5 16. Kg1 Bg4 17. Bf3 Bxf3 18.
exf3 Rac8 19. a3 Rd7 20. Kg2 Rdc7 21. Rc1 Rxc1 22. Bxc1 Qc3 23. Re1 a6 24. a4 Kh7 25.
Ba3 Bf8 26. Re3 Qc7 27. Re4 b5 28. axb5 axb5 29. Qd3 Qb6 30. Bb4 Bh6 31. Re1 Ra8 32. Re2 Rc8 33. Rc2 Rxc2 34. Qxc2 Qd4 35. Qe4 f5 36. Qxd4 exd4 37. Bxd6 d3 38. Kf1 Bd2 39.
Be5 Kg8 40. f4 Kf7 41. Bc7 Ke7 42. Be5 Kd7 43. Bb8 Bc3 44. Be5 Bb4 45. Bb8 Bc3 46. Be5 Bd2 47. Bb8 Ke7 48. Be5 Ke8 49. Bb8 Kd7 50. Be5 Ba5 51. Bb8 Bc7 52. Bxc7 Kxc7 53. Ke1 Kd6 54. Kd2 Kxd5 55. Kxd3 Kc5 56. Kc3 b4+ 57. Kd3 Kd5 58. f3 Kc5 59. Ke3 Kd5 60. Kd3 Kc5 61. Ke3 Kd5 62. Kd3 Kc5 1/2-1/2

[Event "*** Titled Tuesday 3|2 Blitz (Early)"]
[Site "Chess.com"]
[Date "2017.01.03"]
[Round "3"]
[White "MrReinberg"]
[Black "Ilja_Semjonovs"]
[Result "0-1"]
[WhiteElo "2001"]
[BlackElo "2150"]
[TimeControl "180+2"]
[EndTime "11:35:56 PST"]
[Termination "Ilja_Semjonovs won by checkmate"]

1. e4 c5 2. Nc3 Nc6 3. f4 d6 4.
Nf3 g6 5. Bc4 Bg7 6. d3 e6 7. O-O Nge7 8. Bb3 O-O 9. Qe1 Na5 10.
f5 exf5 11. Qh4 Nxb3 12. axb3 f6 13. Bh6 b6 14. Bxg7 Kxg7 15. exf5 Nxf5 16. Qe4 Bd7 17. Rfe1 Qc7 18. Nd5 Qb7 19. g4 Rae8 20. Qf4 Rxe1+ 21.
Rxe1 g5 22. Qc4 b5 23. Qe4 Re8 24. gxf5 Rxe4 25. dxe4 Bxf5 26. exf5 Qxd5 27. Kf2 Qxf5 28. Re7+ Kf8 29. Rxa7 Qxc2+ 30. Kg3 Qxb2 31. Kg4 Qxb3 32.
h4 Qe6+ 33. Kh5 Qe2 34. Kg4 h5+ 35. Kg3 g4 36. Ng1 Qe3+ 37. Kg2 b4 38. Ra2 b3 39. Re2 Qd3 40. Rf2 Kf7 41. Ne2 Qh3+ 42. Kg1 b2 43. Nc3 Qxc3 44. Kh2 g3+ 45. Kg2 gxf2 46. Kh2 b1=Q 47.
Kg2 Qg1# 0-1

[Event "*** Titled Tuesday 3|2 Blitz (Early)"]
[Site "Chess.com"]
[Date "2017.01.03"]
[Round "3"]
[White "FearlessKing64"]
[Black "SwiftyMcBishop"]
[Result "1-0"]
[WhiteElo "2060"]
[BlackElo "2107"]
[TimeControl "180+2"]
[EndTime "11:35:57 PST"]
[Termination "FearlessKing64 won by checkmate"]

1. e4 c5 2. Nf3 d6 3. d4 cxd4 4. Nxd4 Nf6 5. f3 a6 6. c4 Nc6 7. Be3 g6 8. Nc3 Bg7 9. Qd2 O-O 10. Be2 Qc7 11. Rc1 Nd7 12. Nd5 Qd8 13. O-O e6 14.
Nc3 Qc7 15. Rfd1 Be5 16. f4 Bxd4 17. Bxd4 Rd8 18. Bf2 Nf8 19. Nd5 exd5 20. cxd5 Bd7 21. Kh1 Rac8 22. Bh4 Re8 23. Bf3 Qb6 24. dxc6 Bxc6 25.
Qxd6 Qxb2 26. Bf6 Qxa2 27. Ba1 Qe6 28. Qd4 f6 29. Re1 Rcd8 30. Qb2 Nd7 31. Bd1 Kh8 32.
Bb3 Qe7 33. e5 fxe5 34. fxe5 Qg7 35. e6 Qxb2 36. Bxb2+ Kg8 37. exd7+ Kf8 38. dxe8=Q+ Bxe8 39. Ba3+ Kg7 40. Rc7+ Kh6 41. Bc1+ g5 42. g4 Bc6+ 43. Kg1 Rd4 44. Re6# 1-0